[Event "Mistrovství Čech mládeže 2023 - HD12"]
[Site "Harrachov, Czech Republic"]
[Date "2023.10.23"]
[Round "4.13"]
[White "Školoud, Natanael"]
[Black "Fadrný, Jáchym"]
[Result "0-1"]
[TimeControl "90m + 30s"]
[WhiteElo "1193"]
[BlackElo "1365"]

1. e4 c5 2. Nf3 Nc6 3. c3 e6 4. d4 cxd4 5. cxd4 d5 6. exd5 Qxd5 7. Nc3 Qd8 8. Bc4 Nf6 9. O-O Bb4 10.
Bg5 h6 11. Bf4 a6 12. Qa4 Bd7 13. Qb3 Be7 14. Qd1 b5 15. Bb3 Na5 16. Bc2 Bc6 17. Qd3 b4 18. Na4 Bb5 19. Qd2 Bxf1 20.
Rxf1 O-O 21. Qd3 Nc6 22. g4 b3 23. Bxb3 Nb4 24. Qd2 Nfd5 25. a3 Nxf4 26. Qxf4 Nd5 27. Qe4 Bd6 28. Bc2 g6 29.
h4 Nf6 30. Qd3 Kh8 31. g5 Nh5 32. gxh6 Qc7 33. Ng5 Bh2+ 34. Kh1 Bf4 35. d5 Bxg5 36. hxg5 Rad8 37. Qd4+ Kh7 38. Bb1 Rxd5 39.
Qh4 Kg8 40. Nc3 Rd7 41. Ne4 Qc6 42. Kg1 f5 43. gxf6 Rd4 44. Qg4 Kh8 45. Qxg6 Rg8 46. Ng3 Rxg6 47. Bxg6 Nf4 48. f3 Nxg6 49.
Nh5 Qc5 50. Ng3 Rd1+ 51. Kg2 Rxf1 52. Kxf1 Qc1+ 53. Kf2 Qxb2+ 54. Kg1 Nh4 55. Kf1 Qg2+ 56. Ke1 Qxg3+ 57. Kd2 Qf4+ 58. Kd3 Qxf6 59.
Kc4 Nxf3 60. Kb4 e5 61. Ka4 Nd4 62. h7 Qc6+ 0-1

[Event "Mistrovství Čech mládeže 2023 - HD12"]
[Site "Harrachov, Czech Republic"]
[Date "2023.10.23"]
[Round "4.14"]
[White "Lutskiy, Mikhail"]
[Black "Sehnoutka, Vít"]
[Result "1-0"]
[TimeControl "90m + 30s"]
[WhiteElo "1353"]
[BlackElo "1041"]

1. e4 d5 2. exd5 Qxd5 3. Nc3 Qd6 4. Nf3 c6 5. d4 Nf6 6. Bc4 e6 7. O-O Qc7 8. Re1 Be7 9. Bg5 Nbd7 10.
Bb3 Qd8 11. Ne2 O-O 12. c4 Nb6 13. Nc3 Bb4 14. Qd3 Be7 15. Bc2 g6 16. Bh6 Re8 17. Ne5 Nbd7 18. Qf3 Bf8 19. Bg5 Bg7 20.
Nxd7 Bxd7 21. Ne4 Qa5 22. Nxf6+ Bxf6 23. Qxf6 Qd8 24. Qe5 1-0

[Event "Mistrovství Čech mládeže 2023 - HD12"]
[Site "Harrachov, Czech Republic"]
[Date "2023.10.23"]
[Round "4.15"]
[White "Topenčíková, Ellen"]
[Black "Hokr, Matyáš"]
[Result "0-1"]
[TimeControl "90m + 30s"]
[WhiteElo "1018"]
[BlackElo "1352"]

1. e4 e6 2. d4 d5 3. exd5 exd5 4. Nf3 Bd6 5. h3 Nf6 6. Bd3 Be6 7. O-O Nc6 8. Nc3 h6 9. Re1 Qe7 10.
Be3 O-O-O 11. a4 a6 12. b3 Qd7 13. Rb1 g5 14. Qd2 Rdg8 15. Rb2 Bxh3 16. g3 Bb4 17. Kh2 Be6 18. Ne5 Nxe5 19.
dxe5 Ng4+ 20. Kg1 Nxe5 21. Bd4 Nf3+ 0-1

[Event "Mistrovství Čech mládeže 2023 - HD12"]
[Site "Harrachov, Czech Republic"]
[Date "2023.10.23"]
[Round "4.21"]
[White "Grosser, Filip"]
[Black "Křivka, Lukáš"]
[Result "0-1"]
[TimeControl "90m + 30s"]
[WhiteElo "1050"]
[BlackElo "1386"]

1. e4 c6 2. d4 d5 3. exd5 cxd5 4. Nf3 Nc6 5. Nc3 Bg4 6. Bf4 Nf6 7. h3 Bxf3 8. Qxf3 Nxd4 9. Qd3 Nc6 10.
g3 a6 11. Bg2 e6 12. a3 Bd6 13. Bxd6 Qxd6 14. O-O O-O 15. Ne2 Rac8 16. Qd2 Rfd8 17. Rac1 Ne5 18. f4 Qb6+ 19. Kh2 Nc4 20. Qd4 Qxb2 21. Qxb2 Nxb2 22. Rb1 Nc4 23. Rxb7 Nxa3 24. Nd4 Nxc2 25. Nxc2 Rxc2 0-1

[Event "Mistrovství Čech mládeže 2023 - HD12"]
[Site "Harrachov, Czech Republic"]
[Date "2023.10.24"]
[Round "5.1"]
[White "Zika, Miroslav"]
[Black "Artamonov, Mikhail"]
[Result "1/2-1/2"]
[TimeControl "90m + 30s"]
[WhiteElo "1199"]
[BlackElo "1458"]

1. c4 c5 2. Nf3 Nf6 3. Nc3 Nc6 4. g3 g6 5. Bg2 Bg7 6. O-O O-O 7. d3 d6 8. Bd2 h6 9. Qc1 Kh7 10.
Qc2 Bd7 11. a3 Qc8 12. Rac1 Bh3 13. Nd5 Bxg2 14. Kxg2 e6 15. Nxf6+ Bxf6 16. Bc3 e5 17. b4 b6 18. b5 Ne7 19.
a4 Bg7 20. a5 Qc7 21. a6 d5 22. Bd2 Qd6 23. e4 d4 24. Ng1 f5 25. f3 Rf7 26. Rce1 fxe4 27. fxe4 Raf8 28. Qd1 Rxf1 29.
Rxf1 Rxf1 30. Qxf1 Qf6 31. Qxf6 Bxf6 32. Nf3 Kg7 33. h4 Kh7 34. Kh3 Bg7 35. Nh2 Bf6 36. Ng4 Bg7 37. Kg2 Nc8 38.
Nh2 Nd6 39. g4 Kg8 40. h5 g5 41. Nf1 Bf6 42. Ng3 Kg7 43. Kf3 Kh7 44. Nf5 Nc8 45. Be1 Be7 46. Bg3 Bf6 47. Bh2 Bh8 48.
Ng3 Kg8 49. Ne2 Kf7 50. Ng3 Kg8 51. Nf5 Kh7 52. Ng3 Kg8 53. Ne2 Kf7 54. Nc1 Ke6 55. Nb3 Bf6 56. Bg3 Be7 57. Be1 Bf6 58.
Bd2 Be7 59. Kf2 Bd8 1/2-1/2

[Event "Mistrovství Čech mládeže 2023 - HD12"]
[Site "Harrachov, Czech Republic"]
[Date "2023.10.24"]
[Round "5.2"]
[White "Zrůst, Lukáš"]
[Black "Honcharov, Makar"]
[Result "1-0"]
[TimeControl "90m + 30s"]
[WhiteElo "1685"]
[BlackElo "1872"]

1. c4 g6 2. Nc3 Nf6 3. g3 Bg7 4. Bg2 O-O 5. Nf3 d6 6. O-O e5 7. d3 Nc6 8. Rb1 a5 9. b3 h6 10.
Bb2 Be6 11. h3 Qd7 12. Kh2 Nh5 13. e4 f5 14. exf5 gxf5 15. Nxe5 Nxe5 16. Qxh5 Nxd3 17. Ba1 f4 18. Nd5 fxg3+ 19. fxg3 Ne5 20. Bxe5 dxe5 21.
Qg6 Bxd5 22. Bxd5+ Kh8 23. Be4 Rxf1 24. Qh7# 1-0

[Event "Mistrovství Čech mládeže 2023 - HD12"]
[Site "Harrachov, Czech Republic"]
[Date "2023.10.24"]
[Round "5.3"]
[White "Rendl, Luboš"]
[Black "Kubát, Jonáš"]
[Result "1-0"]
[TimeControl "90m + 30s"]
[WhiteElo "1420"]
[BlackElo "1423"]

1. e4 c6 2. d4 d5 3. e5 c5 4. Nf3 Bg4 5. dxc5 e6 6. a3 Bxc5 7. b4 Bxf3 8. gxf3 Bb6 9. Bb2 Ne7 10.
Rg1 Ng6 11. Nd2 Nd7 12. f4 Nxf4 13. Rxg7 Ng6 14. Qh5 h6 15. Rxg6 fxg6 16. Qxg6+ Kf8 17. Qxe6 Qe7 18. Qxd5 Nf6 19.
Qf3 Re8 20. O-O-O Rc8 21. exf6 Qh7 22. Bd3 Qd7 23. Bf5 1-0

[Event "Mistrovství Čech mládeže 2023 - HD12"]
[Site "Harrachov, Czech Republic"]
[Date "2023.10.24"]
[Round "5.4"]
[White "Černý, Rodan"]
[Black "Janoušková, Eliška"]
[Result "1/2-1/2"]
[TimeControl "90m + 30s"]
[WhiteElo "1383"]
[BlackElo "1385"]

1. e4 c5 2. Nf3 e6 3. d4 cxd4 4. Nxd4 Nf6 5. Nc3 d6 6. g3 Be7 7. Bg2 O-O 8. O-O a6 9. a4 Qc7 10.
Be3 Nc6 11. Nxc6 bxc6 12. a5 Nd7 13. Na4 Bb7 14. Qe2 c5 15. c4 Rab8 16. Rfd1 Bc6 17. Nc3 Nf6 18. Bf4 Rfd8 19. e5 Ne8 20.
exd6 Bxd6 21. Be3 Bxg2 22. Kxg2 Qb7+ 23. Kg1 Nf6 24. Bg5 Be7 25. Bf4 Rbc8 26. Na4 Qc6 27. Nb6 Rxd1+ 28. Rxd1 Rd8 29.
Be3 1/2-1/2

[Event "Mistrovství Čech mládeže 2023 - HD12"]
[Site "Harrachov, Czech Republic"]
[Date "2023.10.24"]
[Round "5.5"]
[White "Trejbal, Jindřich"]
[Black "Kolář, Edvard"]
[Result "1-0"]
[TimeControl "90m + 30s"]
[WhiteElo "1329"]
[BlackElo "1473"]

1. e4 e6 2. d4 d5 3. exd5 exd5 4. c4 Bb4+ 5. Nc3 c6 6. Bd3 Nf6 7. Nge2 O-O 8. O-O Bd6 9. h3 Re8 10.
Bg5 Nbd7 11. Qc2 dxc4 12. Bxc4 Nf8 13. Ne4 Be7 14. Nc5 h6 15. Bf4 Ng6 16. Qxg6 Kh8 17. Bxf7 Rf8 18. Be6 Bxc5 19.
Bxc8 Bxd4 20. Bxb7 Nd5 21. Bxa8 Nxf4 22. Nxf4 Qxa8 23. Ne6 1-0

[Event "Mistrovství Čech mládeže 2023 - HD12"]
[Site "Harrachov, Czech Republic"]
[Date "2023.10.24"]
[Round "5.6"]
[White "Remizov, Artem"]
[Black "Málek, Daniel"]
[Result "0-1"]
[TimeControl "90m + 30s"]
[WhiteElo "1259"]
[BlackElo "1404"]

1. e4 e5 2. Nf3 Nc6 3. Nc3 Bc5 4. Nxe5 Bxf2+ 5. Kxf2 Nxe5 6. d4 Qf6+ 7. Ke1 Nc6 8. d5 Ne5 9. Be3 d6 10. Nb5 Qh4+ 11. Kd2 Kd8 12. Bd3 Bd7 13.
g3 Qe7 14. Nxa7 Bg4 15. Qf1 Nf3+ 16. Kc1 f5 17. h3 Bh5 18. Be2 Qxe4 19. Bf2 Nd4 20. Bxh5 Qxc2# 0-1

[Event "Mistrovství Čech mládeže 2023 - HD12"]
[Site "Harrachov, Czech Republic"]
[Date "2023.10.24"]
[Round "5.7"]
[White "Fadrný, Jáchym"]
[Black "Šára, David"]
[Result "1-0"]
[TimeControl "90m + 30s"]
[WhiteElo "1365"]
[BlackElo "1320"]

1. e4 e5 2. Nf3 Nc6 3. d4 exd4 4. Nxd4 Bc5 5. Be3 Qf6 6. c3 d6 7. Qd2 Bd7 8. Bb5 Nge7 9. O-O Qg6 10.
Re1 a6 11. Nxc6 Bxc6 12. Bxc6+ Nxc6 13. Bxc5 Ne5 14. Kh1 dxc5 15. Na3 O-O 16. Rad1 f5 17. Qd5+ Nf7 18. exf5 Qg4 19. Qe6 Qf4 20.
Kg1 Kh8 21. Nc4 Ng5 22. Qd5 Rxf5 23. Qd3 Qxf2+ 24. Kh1 Raf8 25. Ne3 R5f7 26. Rf1 Ne4 27. Qc4 Qh4 28. Rxf7 Rg8 29. Rff1 h6 30.
Kg1 Qe7 31. Nf5 Qe8 32. Rfe1 Nd2 33. Rxe8 Nxc4 34. Rxg8+ Kxg8 35. b3 Ne5 36. Ne3 Kf7 37. Nc4 Nxc4 38. bxc4 Ke6 39. Kf2 Ke5 40. Ke3 c6 41. Rd7 b5 42.
Ra7 bxc4 43. Rxa6 Kd5 44. Ra7 g6 45. Rd7+ Ke5 46. Rd1 h5 47. a4 1-0

[Event "Mistrovství Čech mládeže 2023 - HD12"]
[Site "Harrachov, Czech Republic"]
[Date "2023.10.24"]
[Round "5.9"]
[White "Hokr, Matyáš"]
[Black "Ta, Xuan Nguyen"]
[Result "1-0"]
[TimeControl "90m + 30s"]
[WhiteElo "1352"]
[BlackElo "1252"]

1. e4 e5 2. Nf3 Nc6 3. Bc4 Bc5 4. d4 Nxd4 5. Nxd4 Bxd4 6. c3 Bb6 7. O-O h6 8. Be3 Nf6 9. Bxb6 axb6 10.
f4 Nxe4 11. Qd5 Nd6 12. fxe5 Ra5 13. Qf3 O-O 14. exd6 cxd6 15. Nd2 Qe7 16. Rae1 Re5 17. Qg3 Kh8 18. Nf3 Re3 19. Qf4 Rxe1 20.
Rxe1 Qf6 21. Qxf6 gxf6 22. Re7 Kg7 23.
Nh4 f5 24. Nxf5+ Kf6 25. g4 d5 26. Bxd5 d6 27. Re2 Rg8 28. Ng3 Rxg4 29. Rf2+ Kg6 30. Bxf7+ Kg7 31. Bd5 Rg5 32. Bg2 d5 33. Kf1 Bg4 34. Ke1 Re5+ 35.
Kd2 Be6 36. Re2 Kf6 37. Rxe5 Kxe5 38. Ke3 b5 39. b4 b6 40. Ne2 Bf7 41. Nd4 Be8 42. Bf1 h5 43. Bxb5 Bg6 44. h4 Be4 45.
Be8 Kf6 46. Bxh5 Kg7 47. Bf3 1-0

[Event "Mistrovství Čech mládeže 2023 - HD12"]
[Site "Harrachov, Czech Republic"]
[Date "2023.10.24"]
[Round "5.11"]
[White "Kroulík, Štěpán"]
[Black "Mauric, Jan"]
[Result "1-0"]
[TimeControl "90m + 30s"]
[WhiteElo "1454"]
[BlackElo "1260"]

1. e4 e6 2. d4 b6 3. Bd3 Bb7 4. Nf3 c5 5. Be3 Qc7 6. O-O c4 7. Be2 Bxe4 8. Nc3 Bb7 9. Ne5 d5 10.
Bf4 Qd8 11. Re1 Nd7 12. Nb5 Nxe5 13. Bxe5 Kd7 14. Bg4 Kc6 15. a4 a6 16. Nc7 Rc8 17. Qf3 Nf6 18. Nxe6 fxe6 19. Bxe6 Ra8 20.
b3 b5 21. axb5+ axb5 22. Rxa8 Bxa8 23. Ra1 Be7 24. bxc4 bxc4 25. Bxf6 Bxf6 26. Rxa8 Qd6 27. Ra6+ Kc7 28. Rxd6 1-0

[Event "Mistrovství Čech mládeže 2023 - HD12"]
[Site "Harrachov, Czech Republic"]
[Date "2023.10.24"]
[Round "5.12"]
[White "Zelenka, Tomáš"]
[Black "Ježek, Jiří"]
[Result "1/2-1/2"]
[TimeControl "90m + 30s"]
[WhiteElo "1281"]
[BlackElo "1392"]

1. e4 c5 2. g3 g6 3. d3 Nc6 4. Bg2 Bg7 5. f4 d6 6. Nf3 e6 7. O-O Nge7 8. c3 O-O 9. Be3 Rb8 10.
Nbd2 b5 11. d4 cxd4 12. cxd4 a6 13. e5 d5 14. Rc1 Bb7 15. Nb3 Qd7 16. Nc5 Qc7 17. Ng5 Bc8 18. Bh3 Nf5 19. Bxf5 gxf5 20.
Qh5 h6 21. Nf3 Bb7 22. a3 Qe7 23. Nxb7 Qxb7 24. Rc5 Rfc8 25. Rfc1 Qd7 26. h3 Na5 27. Rxc8+ Rxc8 28. Rxc8+ Qxc8 29.
g4 Nc4 30. Bc1 Qc7 31. g5 Kh7 32. gxh6 Bxh6 33. Ng5+ Kg7 34. Qd1 Qc6 1/2-1/2

[Event "Mistrovství Čech mládeže 2023 - HD12"]
[Site "Harrachov, Czech Republic"]
[Date "2023.10.24"]
[Round "5.13"]
[White "Bukovskij, Dmitri"]
[Black "Zeman, Jonáš"]
[Result "1/2-1/2"]
[TimeControl "90m + 30s"]
[WhiteElo "1391"]
[BlackElo "1216"]

1. d4 Nf6 2. c4 e6 3. Nc3 Bb4 4. a3 Bxc3+ 5. bxc3 O-O 6. Nf3 h6 7. Bf4 d5 8. e3 Nc6 9. Ne5 dxc4 10.
Nxc6 bxc6 11. Bxc4 Nd5 12. Bxd5 cxd5 13. O-O Ba6 14. Re1 c6 15. Rb1 Bc4 16. Rb7 Qa5 17. Bd6 Qa6 18. Bxf8 Qxb7 19.
Bc5 a5 20. h3 a4 21. Bb4 Qd7 22. Qf3 Qd8 23. e4 Qf6 24. Qxf6 gxf6 25. Be7 Kh7 26. exd5 cxd5 27. Bxf6 Bd3 28. Re3 Bg6 29. Be5 Ra7 30.
Bd6 Rb7 31. Bb4 Rb8 32. f4 Rg8 33. g4 Be4 34. Kh2 f5 35. Rg3 fxg4 36. Rxg4 Rxg4 37. hxg4 Kg6 38. Kg3 h5 39. gxh5+ Kxh5 40.
Bd6 Kg6 41. Kf2 Kf5 42. Ke3 Bc2 43. Kd2 Bb3 44. Be5 Bc4 45. Ke3 Bb3 46. Kf3 Bc4 47. Kg3 Bb3 48. Kh4 Bd1 1/2-1/2

[Event "Mistrovství Čech mládeže 2023 - HD12"]
[Site "Harrachov, Czech Republic"]
[Date "2023.10.24"]
[Round "5.14"]
[White "Vorlík, Jáchym"]
[Black "Gernert, Tomáš"]
[Result "0-1"]
[TimeControl "90m + 30s"]
[WhiteElo "1210"]
[BlackElo "1389"]

1. e4 c5 2. Nf3 Nc6 3. Bb5 a6 4. Bxc6 bxc6 5. O-O g6 6. Re1 Bg7 7. c3 d5 8. exd5 cxd5 9. d4 cxd4 10.
cxd4 Nh6 11. Bxh6 Bxh6 12. Qe2 e6 13. Qe5 O-O 14. Nc3 Bg7 15. Qe2 Qb6 16. Rad1 Rb8 17. Rd2 Bd7 18. Qd1 Rfc8 19.
h3 Qa5 20. a3 Bh6 21. Rde2 Bb5 22. Nxb5 Qxb5 23. b4 Rc1 24. a4 Qc4 25. Nd2 Rxd1 26. Nxc4 Rxe1+ 27. Rxe1 dxc4 28. Re5 Rxb4 29.
Rc5 Rxa4 30. Kf1 Ra1+ 31. Ke2 Rc1 32. g3 Rc2+ 33. Kf3 c3 34. h4 Bd2 35. Ke2 Ra2 36. Kd3 a5 37. g4 a4 38.
h5 a3 39. f4 Bxf4 40. Rxc3 Rd2+ 41. Ke4 a2 42. h6 Bxh6 43. Rc8+ Kg7 44. Ra8 f5+ 45. gxf5 gxf5+ 46. Ke5 Be3 47.
Ra7+ Kg6 48. Ra6 Bxd4+ 49. Kf4 a1=Q 50. Ra3 e5+ 51. Kg3 Qxa3+ 0-1

[Event "Mistrovství Čech mládeže 2023 - HD12"]
[Site "Harrachov, Czech Republic"]
[Date "2023.10.24"]
[Round "5.15"]
[White "Křivka, Lukáš"]
[Black "Vrátný, Vojtěch"]
[Result "1-0"]
[TimeControl "90m + 30s"]
[WhiteElo "1386"]
[BlackElo "1210"]

1. e4 e6 2. d4 d5 3. exd5 exd5 4. Nf3 Nf6 5. Bg5 Bd6 6. Qd2 O-O 7. Be2 Bg4 8. O-O Nbd7 9. h3 Bxf3 10. Bxf3 c6 11. Bf4 Nb6 12. Bxd6 Qxd6 13. c3 Nc4 14. Qc2 Rfe8 15.
Nd2 Nxd2 16. Qxd2 Re7 17. Rfe1 Rae8 18. Rxe7 Qxe7 19. Kf1 Ne4 20. Qe2 Qf6 21. Kg1 Re6 22. Qc2 Qf4 23. Bxe4 dxe4 24. Re1 e3 25. Qe2 exf2+ 26. Qxf2 Qxf2+ 27. Kxf2 Rf6+ 28. Kg3 g6 29. Re7 b6 30. Rxa7 c5 31. dxc5 bxc5 32. Ra8+ Kg7 33. a4 Rb6 34. Rc8 Rxb2 35.
Rxc5 Ra2 36. a5 Ra3 37. Kf4 Ra1 38. Kg3 Ra3 39. Kh2 Kf6 40. Rc6+ Ke7 41. a6 Kd7 42. Rb6 Rxc3 43. a7 Ra3 44.
Rb7+ Kc6 45. Rxf7 Kd6 46. Rxh7 Ke6 47. Rb7 Kf6 48. Rb6+ Kf5 49. Rb7 Kg5 50. Rf7 Kh6 51. Kg1 Ra1+ 52. Kf2 Ra5 53. Ke3 Ra1 54.
Kd4 g5 55. Kc5 Rc1+ 56. Kb6 Rb1+ 57. Kc7 Rc1+ 58. Kb8 Rb1+ 59. Rb7 1-0

[Event "Mistrovství Čech mládeže 2023 - HD12"]
[Site "Harrachov, Czech Republic"]
[Date "2023.10.24"]
[Round "5.16"]
[White "Mrázik, Marek"]
[Black "Ličková, Anna"]
[Result "1-0"]
[TimeControl "90m + 30s"]
[WhiteElo "1159"]
[BlackElo "1366"]

1. e4 e5 2. Nf3 Nc6 3. Bc4 Bc5 4. c3 Nf6 5. d4 exd4 6. cxd4 Bb4+ 7. Bd2 Bxd2+ 8. Nbxd2 d5 9. exd5 Nxd5 10.
Qe2+ Be6 11. O-O O-O 12.
Nb3 Re8 13. Qd2 Bg4 14. Kh1 Qd6 15. Qg5 Be6 16. Rae1 h6 17. Qh4 Nf6 18. Bxe6 Rxe6 19. Nc5 Rxe1 20. Rxe1 b6 21. Ne4 Nxe4 22.
Qxe4 Rd8 23. Rd1 Qd5 24. Qxd5 Rxd5 25. Kg1 Kf8 26. Kf1 Ke7 27. Ke2 g5 28. Ke3 f5 29. g3 Kd6 30. Rd2 a6 31.
Ne1 Na5 32. b3 Ke6 33. Nc2 Nc6 34. f4 g4 35. a3 a5 36. a4 h5 37. Na3 Na7 38. Rc2 Kd7 39. Nc4 Nc6 40. Ne5+ Nxe5 41.
dxe5 Kc8 42. Rd2 Rxd2 43. Kxd2 Kd7 44. Kd3 c6 45. Kc4 Ke6 46. b4 axb4 47. Kxb4 Kd5 48. a5 bxa5+ 49. Kxa5 c5 50.
Ka4 Kd4 51. e6 c4 52. e7 c3 53. e8=Q c2 54. Qe1 Kd3 55. Kb3 Kd4 56. Kxc2 Kc4 57. Qc3+ Kd5 58. Kd3 Kd6 59. Qe5+ Kc6 60.
Kc4 Kd7 61. Qf6 h4 62. Kc5 h3 63. Qd6+ Ke8 64. Qc7 Kf8 65. Qh7 Ke8 66. Qg7 Kd8 67. Kd6 Ke8 68. Qg8# 1-0

[Event "Mistrovství Čech mládeže 2023 - HD12"]
[Site "Harrachov, Czech Republic"]
[Date "2023.10.24"]
[Round "5.17"]
[White "Havlík, David"]
[Black "Vlček, Vítězslav"]
[Result "1/2-1/2"]
[TimeControl "90m + 30s"]
[WhiteElo "1331"]
[BlackElo "1120"]

1. d4 d5 2. c4 e6 3. Nc3 Nf6 4. Nf3 c5 5. cxd5 exd5 6. Bf4 Nc6 7. e3 Be7 8. dxc5 Bxc5 9. Rc1 d4 10.
Nb5 Bb4+ 11. Nd2 Nd5 12. Bc4 Nxf4 13. exf4 O-O 14. O-O a6 15. Na3 Qd6 16. Nc2 Qxf4 17. Nf3 Bc5 18. Nce1 Bd6 19.
h3 Qf6 20. Bd3 h6 21. Nc2 Be6 22. Ncxd4 Bd5 23. Nxc6 Bxc6 24. Nd2 Bf4 25. Rc2 Rad8 26. Rc3 1/2-1/2

[Event "Mistrovství Čech mládeže 2023 - HD12"]
[Site "Harrachov, Czech Republic"]
[Date "2023.10.24"]
[Round "5.18"]
[White "Frantsev, Iegor"]
[Black "Vaníčková, Natálie"]
[Result "1-0"]
[TimeControl "90m + 30s"]
[WhiteElo "1397"]
[BlackElo "1122"]

1. e4 e5 2. Bc4 Bc5 3. Nf3 Nc6 4. c3 d6 5. d3 Nf6 6. h3 O-O 7. Nbd2 a6 8. Bb3 b5 9. Nf1 Ne7 10.
g4 d5 11. Qe2 dxe4 12. dxe4 Bb7 13. Ng3 Ng6 14. Bd2 Qd7 15. O-O-O Qc6 16. Bc2 a5 17. g5 Nd7 18. Nf5 b4 19.
h4 bxc3 20. Bxc3 Ba6 21. Qd2 Nb6 22. Nxe5 Nxe5 23. Bxe5 Nc4 24. Qc3 Bb4 25. Qxb4 axb4 26. Ne7+ Kh8 27. Nxc6 Bb7 28. Bb3 Bxc6 29.
Bxc4 Bxe4 30. Rhe1 Bf3 31. Rd3 Bh5 32. Rd7 Rae8 33. Rxc7 f6 34. gxf6 1-0

[Event "Mistrovství Čech mládeže 2023 - HD12"]
[Site "Harrachov, Czech Republic"]
[Date "2023.10.24"]
[Round "5.19"]
[White "Sengrová, Žofie"]
[Black "Vo, Daniel"]
[Result "0-1"]
[TimeControl "90m + 30s"]
[WhiteElo "1124"]
[BlackElo "1341"]

1. e4 c5 2. Bb5 a6 3. Bc4 e6 4. d3 b5 5. Bb3 Bb7 6. Nc3 Nf6 7. f3 Nc6 8. Nge2 Be7 9. Bg5 O-O 10.
O-O h6 11. Bxf6 Bxf6 12. a4 b4 13. Nb1 Bxb2 14. Ra2 Bd4+ 15. Nxd4 Nxd4 16. Nd2 f5 17. Qe1 Qb6 18. Qf2 fxe4 19.
dxe4 d5 20. e5 c4 21. h3 Qa7 22. Bxc4 dxc4 23. Nxc4 Bd5 24. Rb2 Bxc4 25. Rd1 Ne2+ 26. Kf1 Nc3+ 27. Ke1 Qxf2+ 28. Kxf2 Nxd1+ 29. Ke1 Nxb2 30. a5 Rf5 31. f4 Rd8 32.
g3 Rd1+ 33. Kf2 Rd2+ 34. Ke1 Rxc2 35.
g4 Rxf4 36. h4 Re4# 0-1

[Event "Mistrovství Čech mládeže 2023 - HD12"]
[Site "Harrachov, Czech Republic"]
[Date "2023.10.24"]
[Round "5.20"]
[White "Kůsová, Nikola"]
[Black "Topenčíková, Ellen"]
[Result "1-0"]
[TimeControl "90m + 30s"]
[WhiteElo "1324"]
[BlackElo "1018"]

1. e4 e5 2. Nc3 Nf6 3. Bc4 Bb4 4. Nge2 Bxc3 5. Nxc3 O-O 6. d3 d6 7. O-O Nc6 8. f4 Nd4 9. Nd5 Nxd5 10.
Bxd5 Qe7 11. c3 Nc6 12. fxe5 dxe5 13. Qh5 Qd6 14. Rxf7 Be6 15. Bxe6 Qxe6 16. Rxf8+ Rxf8 17. Be3 Qf6 18.
Qe2 a6 19. Rf1 Qe6 20. Rxf8+ Kxf8 21. a3 Qa2 22. Bc5+ Kg8 23. Qf1 Qf7 24. Qxf7+ Kxf7 25. Kf2 b6 26. Be3 Ke6 27. b4 Na7 28.
a4 Nc8 29. Kf3 Ne7 30. h4 Ng6 31. g3 b5 32. axb5 axb5 33. h5 Ne7 34. d4 Nc6 35. d5+ 1-0

[Event "Mistrovství Čech mládeže 2023 - HD12"]
[Site "Harrachov, Czech Republic"]
[Date "2023.10.24"]
[Round "5.21"]
[White "Melicharová, Veronika"]
[Black "Štěpánková, Linda"]
[Result "0-1"]
[TimeControl "90m + 30s"]
[WhiteElo "1108"]
[BlackElo "1281"]

1. e4 d5 2. exd5 Qxd5 3. Nc3 Qd6 4. d4 Nf6 5. Nf3 Bg4 6. h3 Bh5 7. g4 Bg6 8. Ne5 c6 9. Bf4 Qb4 10.
Nxg6 hxg6 11. Rb1 e6 12. Bg2 Nbd7 13. O-O Be7 14. Re1 Nh7 15. a3 Qa5 16. Ne2 Rd8 17. Bg3 O-O 18. Nf4 g5 19.
Nd3 Rfe8 20. c3 Nhf8 21. Qb3 Nb6 22. Bc7 Rc8 23. Bxb6 Qxb6 24. Qa2 Ng6 25. Be4 Nh4 26. Ne5 c5 27.
dxc5 Bxc5 28. Re2 Rcd8 29. b4 Be7 30.
c4 Qc7 31. Bc2 Bf6 32. Rbe1 Bxe5 33. Re3 Bd4 34. Rg3 Qxg3+ 0-1

[Event "Mistrovství Čech mládeže 2023 - HD12"]
[Site "Harrachov, Czech Republic"]
[Date "2023.10.24"]
[Round "5.22"]
[White "Melicharová, Tereza"]
[Black "Štor, Jakub"]
[Result "0-1"]
[TimeControl "90m + 30s"]
[WhiteElo "1088"]
[BlackElo "1275"]

1. d4 Nf6 2. Nf3 g6 3. Bf4 Bg7 4. e3 O-O 5. Nbd2 d6 6. Bd3 Nbd7 7. O-O b6 8. c3 Bb7 9. Qc2 c5 10.
Rfe1 a6 11. a4 d5 12. c4 e6 13. Rac1 Bc6 14. cxd5 exd5 15. e4 dxe4 16. Nxe4 Bxe4 17. Bxe4 Nxe4 18. Rxe4 cxd4 19. Nxd4 Nc5 20.
Nc6 Qf6 21. Ne7+ Kh8 22. Re2 Qxf4 23. Nd5 Qxa4 24. Nxb6 Qxc2 25. Rexc2 Rab8 26. Rxc5 Rxb6 27. Rc8 Rb8 28. Rxf8+ Bxf8 29.
Rc6 Rxb2 30. g3 a5 31. Ra6 Ra2 32. h4 a4 33. Ra8 Kg7 34. Kf1 Bb4 35. Kg2 a3 36. g4 Ra1 37. g5 h5 38.
Ra4 a2 39. f3 Bc3 40. Kg3 Rg1+ 41. Kf2 a1=Q 42. Rxa1 Rxa1 43. Kg2 f6 44. Kh3 Kf7 45. gxf6 Kxf6 46. Kg2 Re1 47. Kh3 Kf5 48.
Kg2 Kf4 49. Kf2 Re3 50. Kg2 Rxf3 51. Kg1 Kg3 52. Kh1 Rf1# 0-1

[Event "Mistrovství Čech mládeže 2023 - HD12"]
[Site "Harrachov, Czech Republic"]
[Date "2023.10.25"]
[Round "6.1"]
[White "Zika, Miroslav"]
[Black "Zrůst, Lukáš"]
[Result "1/2-1/2"]
[TimeControl "90m + 30s"]
[WhiteElo "1199"]
[BlackElo "1685"]

1. c4 e5 2. Nc3 Nc6 3. Nf3 g6 4.
d3 Bg7 5. g3 Nge7 6. Bg2 O-O 7. O-O d6 8. Bd2 h6 9. a3 a5 10. Qc2 Be6 11. Rab1 Qd7 12. b4 axb4 13. axb4 f5 14.
b5 Nd8 15. Rfc1 c6 16. Na4 Nc8 17. Nc3 g5 18. bxc6 bxc6 19. Rf1 Nb7 20. Bxg5 hxg5 21. Nxg5 Nc5 22. Nxe6 Nxe6 23. e3 Ne7 24.
Rb6 Rfb8 25. Na4 Qa7 26. Rxb8+ Rxb8 27. Nc3 Rb6 28. Rb1 Qb8 29. h4 Rxb1+ 30. Nxb1 Nc5 31. Nd2 Qa7 32. e4 f4 33.
Kh2 fxg3+ 34. fxg3 Qa3 35. Bf1 Qa4 36. Qxa4 Nxa4 37. Nb3 c5 38. Kh3 Nc6 39. g4 Nb2 40. g5 Nb4 41. Nc1 Kh7 42.
Kg4 Nd1 43. Be2 Ne3+ 1/2-1/2

[Event "Mistrovství Čech mládeže 2023 - HD12"]
[Site "Harrachov, Czech Republic"]
[Date "2023.10.25"]
[Round "6.2"]
[White "Artamonov, Mikhail"]
[Black "Rendl, Luboš"]
[Result "1-0"]
[TimeControl "90m + 30s"]
[WhiteElo "1458"]
[BlackElo "1420"]

1. d4 d5 2. c4 c6 3. Nc3 Nf6 4. Bg5 Ne4 5. Nxe4 dxe4 6. Qd2 h6 7. Bh4 g5 8. Bg3 Bg7 9. e3 Bf5 10.
Ne2 O-O 11. Nc3 Bg6 12. Be2 Qd7 13. Rd1 Na6 14. a3 Rad8 15. Qc2 f5 16. f4 Nc7 17. d5 Bf7 18. dxc6 Qxc6 19. Rxd8 Rxd8 20.
b3 Qc5 21. Qc1 e5 22. fxe5 Bxe5 23. Bxe5 Qxe5 24. O-O Ne6 25. Nd5 Nc5 26. Rxf5 Qd6 27. Qf1 Bxd5 28. Rxd5 Qe7 29. Qf5 Rxd5 30.
Qxd5+ Kg7 31. Qd4+ Kg6 32. b4 Nd7 33. Qxa7 Ne5 34. Qd4 Nc6 35. Qd5 h5 36. Bd1 g4 37. Bc2 Kg7 38. Qxe4 Qf6 39.
Qh7+ Kf8 40. Qf5 Qxf5 41. Bxf5 Ne5 42. Be6 Ke7 1-0

[Event "Mistrovství Čech mládeže 2023 - HD12"]
[Site "Harrachov, Czech Republic"]
[Date "2023.10.25"]
[Round "6.3"]
[White "Málek, Daniel"]
[Black "Hokr, Matyáš"]
[Result "1-0"]
[TimeControl "90m + 30s"]
[WhiteElo "1404"]
[BlackElo "1352"]

1. e4 e6 2. c4 c6 3. Nf3 Bc5 4. d4 Bb4+ 5. Bd2 Bxd2+ 6. Nbxd2 Ne7 7. Bd3 d5 8. c5 Nd7 9. O-O dxe4 10.
Nxe4 O-O 11. Nd6 Nd5 12. Ne5 Nxe5 13. dxe5 b6 14. Qa4 Bd7 15. b4 f6 16. f4 b5 17. Qb3 f5 18. g3 g5 19.
a4 a5 20. bxa5 gxf4 21. axb5 fxg3 22. hxg3 Qg5 23. Rf2 Qe3 24. b6 Qxc5 25. b7 Rab8 26. a6 Qa7 27. Bc4 h5 28. Bxd5 cxd5 29.
Kg2 Kh7 30. Rc2 f4 31. Rc7 f3+ 32. Kf1 Rxb7 33. Rxb7 Qd4 34. Rxd7+ Kh6 35. Rd1 Qg4 36. Nf7+ Rxf7 37. Rxf7 Qh3+ 38.
Ke1 Qxg3+ 39. Kd2 Qg2+ 40. Kc1 Qg5+ 41. Kb2 Qxe5+ 42. Qc3 d4 43. Rxd4 Qb5+ 44. Kc1 Qxa6 45. Rd1 e5 46. Qe3+ Kg6 47.
Qd3+ Qxd3 48. Rxd3 Kxf7 49. Rxf3+ Kg6 50. Kd2 Kg5 51. Ke2 h4 52. Kf2 Kg6 53. Rh3 Kg5 54. Rh2 Kg4 55. Kg2 e4 56.
Rh1 e3 57. Rh3 e2 58. Re3 h3+ 59. Kh2 Kf4 60. Rxe2 Kf3 61. Ra2 Kg4 62. Ra3 Kf4 63. Rxh3 Kg4 64. Kg2 Kf4 65. Ra3 Ke4 66.
Kf2 Kd4 67. Ke2 Kc4 68. Kd2 Kb4 69. Rh3 Kc4 70. Rg3 Kb4 71. Rc3 Ka4 72. Kd3 Kb4 73. Rc1 Kb5 74. Kd4 Kb6 75. Kd5 Kb7 76.
Kd6 Kb8 77. Kd7 Kb7 78. Rb1+ Ka6 79. Kc6 Ka5 80. Rb8 Ka4 81. Kc5 Ka3 82. Kc4 Ka2 83. Kc3 Ka1 84. Kc2 Ka2 85. Ra8# 1-0